 Dungeon Crawl Stone Soup version 0.29-a0-418-gc0181ea820 (webtiles) character file.

Game seed: 6845147537700955672

1707 Snarg the Sneak (level 9, 0/61 HPs)
             Began as an Octopode Transmuter on May 17, 2022.
             Was an Initiate of Gozag.
             Engulfed by a steam dragon's steam (10 damage)
             ... on level 7 of the Dungeon on May 18, 2022.
             The game lasted 00:33:55 (8280 turns).

Snarg the Sneak (Octopode Transmuter)               Turns: 8280, Time: 00:33:58

Health: 0/61       AC: 15    Str: 13    XL:     9   Next: 3%
Magic:  11/12      EV: 18    Int: 22    God:    Gozag
Gold:   960        SH:  0    Dex: 12    Spells: 6/12 levels left

rFire   . . .      SeeInvis .   b - +7 staff of the Meek {protect, meekguard}
rCold   + . .      Faith    .   (shield currently unavailable)
rNeg    + . .      Spirit   .   (helmet currently unavailable)
rPois   .          Reflect  .   (no amulet)
rElec   .          Harm     .   r - +6 ring of intelligence
rCorr   .          Rampage  .   s - ring of protection from cold
Will    +....                   x - ring of positive energy
Stlth   ++++......              A - +4 ring of evasion
HPRegen 0.20/turn               k - ring of willpower
MPRegen 0.13/turn               (no ring)
                                (no ring)
                                (no ring)

@: appendages, under a protective aura
A: tentacle spike 3, almost no armour, amphibious, 8 rings, camouflage 1,
gelatinous body 1, (nimble swimmer 1), tentacles
a: End Transformation, Renounce Religion, Potion Petition, Call Merchant, Bribe
Branch


You were on level 7 of the Dungeon.
You worshipped Gozag.
Gozag was pleased with you.
One of your tentacles had grown a beastly spike.
You visited 1 branch of the dungeon, and saw 7 of its levels.

You collected 960 gold pieces.

Inventory:

Hand Weapons
 b - the +7 staff of the Meek (weapon) {protect, meekguard}
   (You found it on level 3 of the Dungeon)

   It grants its wielder temporary protection when it strikes (+7 to AC).
   It provides extra protection to wielders with little health.
 d - a +2 dagger of venom
 u - a +1 trident of venom
 C - a +2 spear of venom
Missiles
 e - 219 stones (quivered)
 q - 21 poisoned darts
Armour
 w - a +1 buckler
Magical Staves
 g - a staff of earth
 h - a staff of conjuration
Jewellery
 k - a ring of willpower (on tentacle)
 r - a +6 ring of intelligence (left tentacle)
 s - a ring of protection from cold (right tentacle)
 x - a ring of positive energy (on tentacle)
 A - a +4 ring of evasion (on tentacle)
Wands
 i - a wand of flame (44)
 j - a wand of charming (7)
Scrolls
 n - a scroll of vulnerability
 o - a scroll of teleportation
 y - a scroll of enchant armour
Potions
 a - 2 potions of lignification
 c - a potion of flight {unknown}
 f - 3 potions of haste {unknown}
 l - 2 potions of might {unknown}
 m - 3 potions of attraction
 p - 2 potions of degeneration {unknown}
 t - 4 potions of curing
 v - a potion of heal wounds {unknown}
 z - a potion of berserk rage {unknown}
 B - 3 potions of mutation
 D - a potion of brilliance {unknown}


   Skills:
 + Level 5.2 Fighting
 - Level 4.0 Staves
 - Level 2.0 Throwing
 + Level 4.5 Dodging
 + Level 5.7 Stealth
 + Level 4.8 Unarmed Combat
 - Level 2.0 Spellcasting
 + Level 5.2 Transmutations
 * Level 0.2 Poison Magic
 + Level 0.2 Evocations


You had 6 spell levels left.
You knew the following spells:

 Your Spells              Type           Power      Damage    Failure   Level
a - Beastly Appendage     Tmut           50%        N/A       1%          1
b - Wereblood             Tmut           25%        N/A       2%          2
c - Spider Form           Tmut/Pois      14%        N/A       14%         3

Your spell library contained the following spells:

 Spells                   Type           Power      Damage    Failure   Level
 Shock                    Conj/Air       8%         1d3       14%         1
 Corpse Rot               Necr/Air       4%         N/A       21%         2
 Poisonous Vapours        Pois/Air       4%         N/A       21%         2
 Swiftness                Air            2%         N/A       38%         3
 Blade Hands              Tmut           12%        N/A       41%         5
 Ice Form                 Ice/Tmut       13%        N/A       43%         4
 Airstrike                Air            1%         N/A       80%         4
 Iron Shot                Conj/Erth      1%         9d1       100%        6
 Animate Armour           Summ/Erth      Unusable   N/A       N/A         4

Dungeon Overview and Level Annotations

Branches:
Dungeon (7/15)
 Temple: D:4-7

Altars:
Gozag
Nemelex Xobeh
Qazlal
Xom
Zin

Annotations:
D:1 clr
D:2 clr
D:3 clkr
D:5 clrclr
D:6 clr
D:7 clr


Innate Abilities, Weirdness & Mutations

One of your tentacles has grown a beastly spike.
You cannot wear most types of armour.
You are amphibious.
You can wear up to eight rings at the same time.
Your skin changes colour to match your surroundings (Stealth+).
Your rubbery body absorbs attacks. (AC +1, EV +1)
((You are camouflaged when in or above water. (Stealth+)))
You have tentacles for arms and can constrict up to eight enemies at once.


Message History

One of your tentacles grows a vicious spike.
The steam dragon breathes steam at you. The ball of steam misses you.
You hear a shout! x2
You are engulfed in a cloud of scalding steam.
The steam dragon completely misses you. The steam dragon closely misses you.
You hit the steam dragon.
Your weapon exudes an aura of protection.
You squeeze the steam dragon!
The steam dragon is heavily wounded.
The steam dragon completely misses you. The steam dragon claws you.
You sock the steam dragon! Your squeeze misses the steam dragon.
The steam dragon is severely wounded.
You are engulfed in a cloud of scalding steam.
The steam dragon misses you.
The steam dragon claws you but does no damage.
You hit the steam dragon but do no damage.
You pierce the steam dragon.
The steam dragon is almost dead.
The steam dragon breathes steam at you. The ball of steam hits you!!
You hear a shout! x2
You are too injured to fight recklessly!
The steam dragon breathes steam at you. The ball of steam hits you!
* * * LOW HITPOINT WARNING * * *
You hear a shout!
You barely miss the steam dragon. You squeeze the steam dragon.
The steam dragon is almost dead.
You are engulfed in a cloud of scalding steam.
The steam dragon completely misses you. x2
Okay, then.
Unknown command.
You closely miss the steam dragon.
You pierce the steam dragon, but do no damage.
Your squeeze misses the steam dragon.
The steam dragon is almost dead.
You are engulfed in a cloud of scalding steam.
You die...
Your body crumbles into a pile of gold.

.# .......#...#... .#
......_#...#_.# .#
.......#...#... .#
.......#####... .#
............... .#
########.......# .#
#......##......#
.#######......##D...>.##
.#.............§@......#
.#.....<.....§.§.......#
.#....##...§..##§......#
.#....##...§..##.......#
.#######...§..##§...####
.......#......#####+#
#......#........
#......#.........
#......'.........


You could see a steam dragon (catching breath).

Vanquished Creatures
  A kobold demonologist (D:6)
  A black bear (D:5)
  A centaur (D:5)
  A phantom (D:5)
  2 kobold brigands
  3 scorpions
  A gnoll sergeant (D:6)
  A necrophage (D:5)
  A howler monkey (D:6)
  3 hounds
  4 orc priests
  2 jellies (D:6)
  2 iguanas
  2 orc wizards (D:4)
  11 adders
  3 gnolls (D:6)
  2 gnoll zombies (D:4)
  A white imp (D:7)
  4 ufetubi
  A worm (D:4)
  4 dart slugs
  18 orcs
  4 endoplasms
  3 giant cockroaches
  8 goblins
  5 hobgoblins
  2 jackals (D:3)
  7 kobolds
  4 quokkas
  9 ball pythons
  A bat (D:3)
  4 frilled lizards
  2 rats
118 creatures vanquished.

Vanquished Creatures (collateral kills)
  A kobold brigand (D:6)
1 creature vanquished.

Grand Total: 119 creatures vanquished

Notes
Turn   | Place    | Note
-------+----------+-------------------------------------------
     0 | D:1      | Snarg the Octopode Transmuter began the quest for the Orb.
     0 | D:1      | Reached XP level 1. HP: 13/13 MP: 3/3
   130 | D:1      | Reached XP level 2. HP: 16/18 MP: 3/5
   135 | D:1      | Learned a level 2 spell: Wereblood
   275 | D:1      | Found a faded altar of an unknown god.
   289 | D:1      | Prayed at the altar of an unknown god.
   289 | D:1      | Became a worshipper of Gozag Ym Sagoz the Greedy
   512 | D:1      | You fall into a shaft and drop 1 floor!
   525 | D:2      | Found a shimmering altar of Xom.
   649 | D:2      | Reached XP level 3. HP: 24/24 MP: 1/6
  2107 | D:3      | Found a stormy altar of Qazlal.
  2109 | D:3      | Noticed a fire elemental
  2121 | D:3      | Noticed an earth elemental
  2122 | D:3      | Noticed an air elemental
  2122 | D:3      | Noticed a water elemental
  2154 | D:3      | Reached skill level 1 in Stealth
  2159 | D:3      | Reached XP level 4. HP: 25/29 MP: 4/7
  2431 | D:3      | Reached XP level 5. HP: 34/35 MP: 6/8
  2941 | D:3      | Found the +7 staff of the Meek {protect, meekguard}
  3292 | D:4      | Reached skill level 1 in Throwing
  3292 | D:4      | Reached XP level 6. HP: 35/41 MP: 7/9
  3616 | D:4      | Found a transporter.
  3778 | D:4      | Reached XP level 7. HP: 36/46 MP: 4/10
  4103 | D:4      | Reached skill level 1 in Staves
  4117 | D:4      | Found a transporter.
  4360 | D:5      | Entered Level 5 of the Dungeon
  5264 | D:5      | Reached XP level 8. HP: 54/54 MP: 11/11
  5455 | D:5      | Reached skill level 5 in Stealth
  5793 | D:6      | Noticed a kobold demonologist
  6208 | D:6      | Killed a kobold demonologist
  6209 | D:6      | Reached skill level 5 in Fighting
  6229 | D:6      | Reached skill level 5 in Transmutations
  6857 | D:6      | Found a sparkling altar of Nemelex Xobeh.
  6895 | D:6      | Reached XP level 9. HP: 13/61 MP: 12/12
  7148 | D:6      | Learned a level 3 spell: Spider Form
  7613 | D:4      | HP: 3/61 [poison (poison gas)]
  8261 | D:7      | Found a shimmering altar of Xom.
  8261 | D:7      | Found a glowing silver altar of Zin.
  8261 | D:7      | Noticed an angel
  8280 | D:7      | Engulfed by a steam dragon's steam

Illustrated notes

Levels and vault maps discovered:
D:1:      lemuel_arrival_river_bridge, layout_rooms,
          shapermc_ecumenical_altar_notcrosses, st_stairs_11, grunt_decor_cap,
          minmay_misc_feat_rugged, dreamdust_wishing_well
D:2:      layout_loops_corners, basic_altar, minmay_misc_feat_four_crosses
D:3:      layout_basic, nicolae_qazlal_style_of_elements,
          chequers_serial_rivers_large_a
D:4:      gammafunk_cloud_chamber, layout_loops_ring
D:5:      layout_loops_ring, minmay_misc_feat_square,
          chequers_serial_rivers_large_b, wad_floor_pattern_2,
          grunt_ministairs_14
D:6:      layout_basic, nemelex_xobeh_ov_fountains_minmay
D:7:      layout_gridville, grunt_temple_overflow_order_and_chaos_1,
          lemuel_tele_altar, temple_hall, minmay_crystal_room, minivault_14,
          kennysheep_opposing_triangles

Skill      XL: |  1  2  3  4  5  6  7  8 |
---------------+-------------------------+-----
Fighting       | 2 3 4 5 |  5.2
Stealth        | 1 2 3 4 5 |  5.7
Unarmed Combat | 4 |  4.8
Transmutations | 3 4 5 |  5.2
Throwing       | 1 2 |  2.0
Staves         | 2 4 |  4.0
Dodging        | 4 |  4.5
Spellcasting   | |  2.0
Poison Magic   | |  0.2
Evocations     | |  0.2

Action                   |  1- 3 |  4- 6 |  7- 9 || total
-------------------------+-------+-------+-------++-------
Melee: Unarmed           |    63 |    67 |     5 ||   135
       Constrict         |    19 |    23 |    27 ||    69
       Tentacles         |    14 |    18 |    21 ||    53
       Kick              |    14 |    24 |    19 ||    57
       Punch             |     2 |     1 |     4 ||     7
       Quarterstaff      |       |     2 |   104 ||   106
Throw: Stone             |     2 |    61 |    52 ||   115
       Dart              |       |     1 |     1 ||     2
 Cast: Beastly Appendage |    19 |    22 |    19 ||    60
       Wereblood         |     1 |     3 |     7 ||    11
Evoke: Wand              |       |       |     1 ||     1
  Use: Scroll            |       |       |    12 ||    12
       Potion            |       |       |     2 ||     2
 Stab: Sleeping          |     8 |     3 |     3 ||    14
       Distracted        |       |       |     1 ||     1
Armor: Skin              |     2 |     1 |    37 ||    40
Dodge: Dodged            |    31 |    32 |    81 ||   144

Table legend: (Time is in decaauts)
 A = Elapsed time spent in this place.
 B = Non-inter-level travel time spent in this place.
 C = Inter-level travel time spent in this place.
 D = Time resting spent in this place.
 E = Time spent auto-exploring this place.
 F = Levels seen in this place.
 G = Mean time per level.
                   A        B        C        D        E       F      G
               +--------+--------+--------+--------+--------+-----+--------+
         Total |   8290 |   7698 |    592 |   1414 |   4689 |   7 | 1184.3 |
       Dungeon |   8290 |   7698 |    592 |   1414 |   4689 |   7 | 1184.3 |
               +--------+--------+--------+--------+--------+-----+--------+

Top non-repeatable levels by time:
     D:4: 1793 daAuts
     D:6: 1614 daAuts
     D:5: 1591 daAuts
     D:2: 1222 daAuts
     D:3: 1205 daAuts
     D:1: 650 daAuts
     D:7: 211 daAuts
